 Dungeon Crawl Stone Soup version 0.18.1-50-g88ac8fd (webtiles) character file.

109 Patate the Covert (level 4, 0/22 HPs)
             Began as a Spriggan Assassin on Oct 30, 2016.
             Killed from afar by a white imp (14 damage)
             ... with a puff of frost
             ... summoned by Natasha
             ... on level 3 of the Dungeon.
             The game lasted 00:04:30 (2471 turns).

Patate the Covert (Spriggan Assassin)               Turns: 2471, Time: 00:04:31

Health: 0/22       AC:  3    Str:  7    XL:     4   Next: 59%
Magic:  5/5        EV: 17    Int: 12    God:
Gold:   100        SH:  0    Dex: 18    Spells: 0 memorised, 3 levels left

rFire  . . .     SeeInvis +     a - +2 dagger
rCold  . . .     Gourm    .     c - +0 robe
rNeg   . . .     Faith    .     (shield restricted)
rPois  .         Spirit   .     (helmet restricted)
rElec  .         Dismiss  .     d - +0 cloak
rCorr  .         Reflect  .     (gloves unavailable)
SustAt .         Harm     .     (boots unavailable)
MR     .....                    (no amulet)
Stlth  +++++.....               (no ring)
                                (no ring)

@: very quick, not resistant to hostile enchantments, quite stealthy
A: unfitting armour, see invisible, herbivore 3, speed 3, slow metabolism 2
a: no special abilities


You were on level 3 of the Dungeon.
You were not hungry.

You visited 1 branch of the dungeon, and saw 3 of its levels.

You collected 100 gold pieces.

Inventory:

Hand Weapons
 a - a +2 dagger (weapon)
 b - a +0 blowgun
Missiles
 e - 8 poisoned needles
 f - 2 curare-tipped needles
Armour
 c - a +0 robe (worn)
 d - a +0 cloak (worn)
Jewellery
 j - a +3 ring of evasion {unknown}
 n - an uncursed ring of protection from magic {unknown}
Wands
 q - a wand of lightning (11/15)
Scrolls
 k - a scroll of magic mapping {unknown}
 m - 3 scrolls of teleportation {unknown}
 s - 3 scrolls of enchant weapon {unknown}
 t - a scroll of fear {unknown}
 u - a scroll of immolation {unknown}
Potions
 h - a potion of beneficial mutation {unknown}
 i - a potion of brilliance {unknown}
 l - 2 potions of cure mutation {unknown}
 o - 2 potions of degeneration {unknown}
 p - a potion of curing {unknown}
 r - a potion of flight {unknown}
 v - a potion of resistance {unknown}
Comestibles
 g - a bread ration


   Skills:
 - Level 1.5 Fighting
 + Level 2.5 Short Blades
 - Level 2.0 Throwing
 - Level 1.5 Dodging
 - Level 9.0 Stealth


You had 3 spell levels left.
You didn't know any spells.

Dungeon Overview and Level Annotations

Branches:
Dungeon (3/15)

Altars:
Nemelex Xobeh
Xom

Annotations:
D:3 Natasha, Terence


Innate Abilities, Weirdness & Mutations

You are tiny and cannot use many weapons and most armour.
You have supernaturally acute eyesight.
You are a herbivore.
You cover ground extremely quickly.
You need consume almost no food.


Message History

There is a stone staircase leading up, spattered with blood here.
There are no items here.
You climb upwards.
There is a stone staircase leading down here.
You start resting.
HP restored.
There is a stone staircase leading down here.
You climb downwards.
Level annotation: Natasha, Terence Natasha mumbles some strange words.
There is a stone staircase leading up here.
The white imp gestures at you. The puff of frost hits you!
You closely miss the white imp. The white imp closely misses you.
You closely miss Natasha. Natasha misses you.
You barely miss Natasha. The white imp gestures at you.
The puff of frost hits you!
Ouch! That really hurt!
You die...

. .###................
#........###..8.....#.......
#...........................
#####..#...####......###.####...
.........#.## #.#........... ..
.........#..###.##..<##.....
.8........#.#..<#..#.#.......
..............)....#.....#...
...............@...$........
.......%......h5.........#..
."(.......##....##.......#
.....g...#...............#
...........................
.......#.##.####..........##
............. ...........#
..###....##...5...........# #.
...### .........######


You could see Natasha and a white imp.

Vanquished Creatures
  Jessica (D:2)
  2 worker ant zombies (D:3)
  A gnoll (D:1)
  A howler monkey skeleton (D:3)
  A worm (D:3)
  2 orcs (D:2)
  2 giant cockroaches
  3 hobgoblins (D:1)
  3 jackals (D:2)
  3 kobolds
  8 bats
  2 giant newts
  5 goblins
  A jackal zombie (D:3)
  6 rats
41 creatures vanquished.

Notes
Turn   | Place    | Note
--------------------------------------------------------------
     0 | D:1      | Patate the Spriggan Assassin began the quest for the Orb.
     0 | D:1      | Reached XP level 1. HP: 10/10 MP: 2/2
    34 | D:1      | Reached skill level 6 in Stealth
   222 | D:1      | Reached XP level 2. HP: 14/14 MP: 3/3
   227 | D:1      | Reached skill level 7 in Stealth
   503 | D:1      | Reached XP level 3. HP: 14/18 MP: 4/4
   643 | D:2      | Found a faded altar to an unknown god.
   924 | D:2      | Found a shimmering altar of Xom.
   924 | D:2      | Noticed Jessica
   943 | D:2      | Killed Jessica
   943 | D:2      | Reached skill level 8 in Stealth
  1178 | D:2      | Found a sparkling altar of Nemelex Xobeh.
  1536 | D:2      | Reached XP level 4. HP: 11/22 MP: 5/5
  1740 | D:3      | Noticed Terence
  1740 | D:3      | Noticed Natasha
  2175 | D:3      | Reached skill level 9 in Stealth
  2471 | D:3      | Killed from afar by a white imp

Skill      XL: |  1  2  3  4 |
---------------+-------------+-----
Stealth        | 6 7 8 9 |  9.0
Fighting       | |  1.5
Short Blades   | |  2.5
Throwing       | |  2.0
Dodging        | |  1.5

Action                   |  1- 3 |  4- 6 || total
-------------------------+-------+-------++-------
Melee: Dagger            |    82 |    72 ||   154
 Fire: Blowgun           |     7 |     4 ||    11
 Stab: Sleeping          |    13 |     1 ||    14
       Distracted        |       |     1 ||     1
Armor: Robe              |     8 |    18 ||    26
Dodge: Dodged            |    53 |    85 ||   138
